 Dungeon Crawl Stone Soup version 0.27.0-1-g7a08968 (webtiles) character file.

Game seed: 10878011959339743906

101 Illumine the Skirmisher (level 4, 0/41 HPs)
             Began as a Minotaur Fighter on Aug 26, 2021.
             Slain by Sigmund (4 damage)
             ... on level 2 of the Dungeon.
             The game lasted 00:02:01 (1600 turns).

Illumine the Skirmisher (Minotaur Fighter)          Turns: 1600, Time: 00:02:02

Health: 0/41       AC:  9    Str: 20 (22) XL:     4   Next: 48%
Magic:  3/3        EV:  5    Int:  3 (5)  God:
Gold:   89         SH:  0    Dex:  7 (9)  Spells: 3/3 levels left

rFire    . . .     SeeInvis .   k - +0 spear
rCold    . . .     Faith    .   c - +0 kite shield
rNeg     . . .     Spirit   .   j - +0 chain mail
rPois    .         Reflect  .   (helmet restricted)
rElec    .         Harm     .   (no cloak)
rCorr    .         Rampage  .   (no gloves)
Will     .....                  (no boots)
Stlth    ..........             (no amulet)
HPRegen  0.13/turn              (no ring)
MPRegen  0.08/turn              (no ring)

@: confused
A: horns 2, retaliatory headbutt
a: no special abilities


You were on level 2 of the Dungeon.
You visited 1 branch of the dungeon, and saw 2 of its levels.

You collected 89 gold pieces.

Inventory:

Hand Weapons
 a - a +0 war axe
 k - a +0 spear (weapon)
Armour
 b - a +0 scale mail
 c - a +0 kite shield (worn)
 j - a +0 chain mail (worn)
Scrolls
 d - a scroll of identify {unknown}
 f - a scroll of enchant armour {unknown}
 h - a scroll of blinking {unknown}
 i - a scroll of summoning {unknown}
 l - a scroll of torment {unknown}


   Skills:
 + Level 4.3 Fighting
 - Level 4.0 Axes
 * Level 0.4(2.5) Polearms
 + Level 4.3 Armour
 - Level 4.3 Shields


You had 3 spell levels left.
You didn't know any spells.
Your spell library was empty.

Dungeon Overview and Level Annotations

Branches:
Dungeon (2/15)

Altars:
Wu Jian

Shops:
D:1 =*

Annotations:
D:2 Sigmund


Innate Abilities, Weirdness & Mutations

You have a pair of horns on your head.
You reflexively headbutt those who attack you in melee.


Message History

Unknown command.
You are too confused!
Sigmund casts a spell at you.
You are more confused.
Sigmund casts a spell at you. The magic dart hits you!
Sigmund mumbles some strange words.
Sigmund flickers and vanishes!
Deactivating autopickup; reactivate with Ctrl-A.
You're too confused to move!
You hear some strange, mumbled words.
You are more confused.
You hear some strange, mumbled words.
A puff of flame appears from out of thin air!
The puff of flame hits you. Something hits you.
Something hits you but does no damage.
A magic dart appears from out of thin air!
The magic dart hits you.
* * * LOW HITPOINT WARNING * * *
You hear some strange, mumbled words.
You are more confused.
Something hits you but does no damage. Something hits you but does no damage.
You bump into the rock wall.
Something hits you.
* * * LOW HITPOINT WARNING * * *
You hear some strange, mumbled words.
A puff of flame appears from out of thin air!
The puff of flame hits you.
* * * LOW HITPOINT WARNING * * *
You aren't carrying any potions.
Unknown command.
You are too confused!
Drop what? 10/52 slots (_ for help) (? for menu, Esc to quit)
Okay, then.
Unknown command.
You bump into the rock wall.
You hear some strange, mumbled words.
Something tries to affect you, but you resist.
You bump into the rock wall.
Something hits you.
You die...

###############
############...@.........#
+.............{.......>..#
############.............#
#.............# ######
#.............# #....#
#.............# #....#
###.....#..#### #....#
#.†#..#..#
#....#####†.#.....#


There were no monsters in sight!

Vanquished Creatures
  4 gnolls (D:2)
  2 adders (D:2)
  A worm (D:2)
  3 ball pythons
  2 bats (D:1)
  3 endoplasms
  A giant cockroach (D:1)
  2 goblins
  3 hobgoblins (D:1)
  8 jackals (D:2)
  3 kobolds
  A quokka (D:1)
  2 frilled lizards (D:2)
  2 rats (D:2)
37 creatures vanquished.

Notes
Turn   | Place    | Note
-------+----------+-------------------------------------------
     0 | D:1      | Illumine the Minotaur Fighter began the quest for the Orb.
     0 | D:1      | Reached XP level 1. HP: 19/19 MP: 0/0
   117 | D:1      | Reached XP level 2. HP: 27/27 MP: 1/1
   125 | D:1      | Found Vuviriet's General Store.
   430 | D:1      | Found a faded altar of an unknown god.
   594 | D:1      | Found Rerph's Jewellery Boutique.
   934 | D:2      | Reached XP level 3. HP: 23/33 MP: 2/2
  1119 | D:2      | Reached XP level 4. HP: 21/40 MP: 3/3
  1411 | D:2      | Found an ornate altar of the Wu Jian Council.
  1577 | D:2      | Noticed Sigmund
  1600 | D:2      | Slain by Sigmund

Illustrated notes

Levels and vault maps discovered:
D:1:      minmay_arrival_split_and_join, layout_rooms, serial_shops,
          nicolae_shop_waterfront, shop_fountains,
          ebering_ecumenical_altar_sacrificial, chequers_serial_rivers_marsh,
          hangedman_feature_mirror, st_stairs_5
D:2:      layout_basic, basic_altar, serial_shops, nicolae_shop_behind_doors,
          uniq_sigmund

Skill      XL: |  1  2  3  4 |
---------------+-------------+-----
Axes           | 3 4 |  4.0
Fighting       | 4 |  4.3
Armour         | 4 |  4.3
Shields        | 4 |  4.3
Polearms       | |  0.4

Action                   |  1- 3 |  4- 6 || total
-------------------------+-------+-------++-------
Melee: War axe           |    62 |     4 ||    66
       Headbutt          |    11 |     5 ||    16
       Spear             |       |    33 ||    33
  Use: Potion            |       |     3 ||     3
Armor: Scale mail        |     7 |       ||     7
       Chain mail        |    35 |    19 ||    54
Dodge: Dodged            |    10 |    11 ||    21
Block: Kite shield       |    33 |    22 ||    55
